Jets vs Oilers

Created - 9 octobre 2017 at 15:55

Goals
1 2 3 OT1 SO T
Jets 1 3 1 0 1 5
Oilers 1 2 2 0 2 6
Shots
1 2 3 OT1 SO T
Jets 7 8 7 5 3 27
Oilers 20 13 21 3 3 57

1st period

1. Oilers , Tomas Pospisil 2 (Vincent Lecavalier 4, Daniel Tjarnqvist 1) at 2:34
2. Jets , Marcus Johansson 2 (Tyler Ennis 4, Marc-Edouard Vlasic 2) at 6:26

Penalties :
Trevor Van Riemsdyk (WIN) for High sticking (Minor) at 10:58

2nd period

3. Jets , Tyler Ennis 1 (Jake Muzzin 2, Jesse Puljujarvi 1) at 5:51
4. Jets , Marcus Johansson 3 (Tyler Ennis 5, Brent Aubin 4) at 6:49
5. Oilers , Kyle Brodziak 1 (Brian Gionta 1, Jay Harrison 1) at 8:00
6. Jets , Gustav Nyquist 1 (*Nico Hischier 3) at 8:08
7. Oilers , Christian Backman 1 (Vincent Lecavalier 5, Daniel Sedin 2) at 14:25

Penalties :
Brent Aubin (WIN) for Elbowing (Minor) at 0:44

3rd period

8. Jets , *Nico Hischier 1 (Gustav Nyquist 1, Trevor Van Riemsdyk 2) at 8:54
9. Oilers , Thomas Vanek 1 (Tim Connolly 6, Pavel Datsyuk 3) at 15:18
10. Oilers , Daniel Sedin 1 (Vincent Lecavalier 6, Daniel Tjarnqvist 2) at 18:53 (PP)

Penalties :
Randall Gelech (WIN) for Hooking (Minor) at 5:17, Brent Aubin (WIN) for Hooking (Minor) at 17:50

Overtime #1

No Goal

Penalties :
No Penalty

Shootout

Penalty Shot by *Nico Hischier for Jets - Shot Misses the Net
Penalty Shot by Vincent Lecavalier for Oilers - Shot Misses the Net
Penalty Shot by Jakub Voracek for Jets - Shot Misses the Net
Penalty Shot by Thomas Vanek for Oilers - Goal!
Penalty Shot by Tomas Surovy for Jets - Goal!
Penalty Shot by Daniel Sedin for Oilers - Goal!

Penalties :
No Penalty

Goalie Stats

Marc Denis (WIN), 52 saves from 57 shots - (0,912), OTL, 0-0-1, 65:00 minutes
Martin Jones (EDM), 22 saves from 27 shots - (0,815), W, 2-1-0, 65:00 minutes

Players Stats for Jets

Player Name              G  A  P  +/- PIM S  H  SB GA TA FO     MP     PP MP  PK MP  
------------------------------------------------------------------------------------
*Nico Hischier           1  1  2   2  0   9  1  0  0  0  17/29  16:04   0:00   0:00 
Anthony Beauvillier      0  0  0   1  0   1  1  0  0  0  0/2    22:08   0:00   0:00 
Brent Aubin              0  1  1   0  4   1  3  1  0  0  0/1    23:55   0:00   1:37 
Gustav Nyquist           1  1  2   2  0   2  0  0  0  0  0/0    13:49   0:00   0:00 
Jake Muzzin              0  1  1   0  0   1  0  6  0  0  0/0    27:23   0:00   3:43 
Jakub Voracek            0  0  0   0  0   0  0  0  0  0  0/0     1:07   0:00   1:07 
Jesse Puljujarvi         0  1  1   1  0   1  0  1  0  0  2/4    21:42   0:00   3:50 
John Moore               0  0  0   0  0   0  0  2  0  0  0/0    19:48   0:00   3:14 
Marc-Edouard Vlasic      0  1  1   1  0   0  0  2  0  0  0/0    20:20   0:00   3:46 
Marcus Johansson         2  0  2   1  0   4  0  0  0  0  0/0    18:05   0:00   0:00 
Mark Fraser              0  0  0   0  0   0  7  3  0  0  0/0    16:46   0:00   1:37 
Mike Fisher              0  0  0  -1  0   2  0  1  0  0  10/19  13:47   0:00   5:28 
Raffi Torres             0  0  0  -1  0   0  4  0  0  0  0/0    15:09   0:00   0:00 
Randall Gelech           0  0  0  -1  2   0  3  1  0  0  8/14   13:30   0:00   0:31 
Tim Jackman              0  0  0  -1  0   2  0  0  0  0  0/2    13:00   0:00   0:00 
Tomas Surovy             0  0  0  -1  0   1  3  0  0  0  4/7    12:52   0:00   1:32 
Trevor Van Riemsdyk      0  1  1   1  2   0  1  1  0  0  0/0    17:49   0:00   0:03 
Tyler Ennis              1  2  3   1  0   3  3  0  0  0  8/18   20:42   0:00   1:32 

Players Stats for Oilers

Player Name              G  A  P  +/- PIM S  H  SB GA TA FO     MP     PP MP  PK MP  
------------------------------------------------------------------------------------
Brian Gionta             0  1  1   0  0   2  0  0  0  0  1/2    14:24   0:17   0:00 
Christian Backman        1  0  1   1  0   2  0  1  0  0  0/0    16:55   0:42   0:00 
Daniel Sedin             1  1  2  -2  0   6  0  0  0  0  5/8    22:47   3:37   0:00 
Daniel Tjarnqvist        0  2  2   1  0   1  0  0  0  0  0/0    21:35   2:19   0:00 
Jared Spurgeon           0  0  0  -3  0   5  0  0  0  0  0/0    25:38   3:50   0:00 
Jay Harrison             0  1  1   1  0   0  3  0  0  0  0/0    18:50   1:04   0:00 
Joe Motzko               0  0  0   0  0   1  0  0  0  0  0/0     6:05   0:00   0:00 
Kyle Brodziak            1  0  1   0  0   1  0  0  0  0  3/9    13:45   0:34   0:00 
Manny Malhotra           0  0  0   0  0   1  0  0  0  0  5/8     6:05   0:00   0:00 
Pavel Datsyuk            0  1  1   1  0   9  4  1  0  0  16/33  21:43   3:40   0:00 
Pavel Vorobiev           0  0  0   0  0   1  0  0  0  0  0/0     6:05   0:00   0:00 
Robbie Earl              0  0  0   0  0   0  5  0  0  0  0/0    16:14   3:03   0:00 
Ryan Ellis               0  0  0   1  0   1  3  1  0  0  0/0    28:01   3:27   0:00 
Thomas Vanek             1  0  1   1  0   10 0  0  0  0  1/3    23:43   3:23   0:00 
Tim Connolly             0  1  1   1  0   9  0  0  0  0  2/2    21:13   3:23   0:00 
Tom Gilbert              0  0  0  -3  0   1  0  2  0  0  0/0    13:13   2:04   0:00 
Tomas Pospisil           1  0  1  -2  0   2  0  0  0  0  0/1    16:22   0:00   0:00 
Vincent Lecavalier       0  3  3  -2  0   5  7  1  0  0  14/30  22:22   3:37   0:00 

3 Stars

1 - Tyler Ennis (WIN)
2 - Marcus Johansson (WIN)
3 - *Nico Hischier (WIN)

Power Play

Jets - 0 on 0 Attempt(s) - 0,00%
Oilers - 1 on 4 Attempt(s) - 25,00%

Penalty Kill

Jets - 3 on 4 Attempt(s) - 75,00% - Score 0 goal in Penalty Kill
Oilers - 0 on 0 Attempt(s) - 0,00% - Score 0 goal in Penalty Kill

Team Stat

Jets - Hits : 26 - Faceoff Wins : 49 - Blocked Shots : 18 - Penalty Minutes : 8
Oilers - Hits : 22 - Faceoff Wins : 47 - Blocked Shots : 6 - Penalty Minutes : 0

Official

Referees : David Banfield and Mike Langin
Linesman : Lucas Bisbee and Kory Nagy

Game Notes

Tom Gilbert is injured at 14:33 of 2nd period (Sore Left Knee)
Pavel Datsyuk is injured at 0:40 of 1st overtime period (Fractured Metatarsal (Right Foot))

Finance

Level 1 -- Attendance: 6106 (97,70%) -- Ticket Income 549 540 $
Level 2 -- Attendance: 5250 (100,00%) -- Ticket Income 315 000 $
Level 3 -- Attendance: 2250 (100,00%) -- Ticket Income 78 750 $
Level 4 -- Attendance: 4250 (100,00%) -- Ticket Income 106 250 $
Luxury Box -- Attendance: 1000 (100,00%) -- Ticket Income 190 000 $
Game was played at the Rexall Place.
Total Attendance: 18856 (99,24%)
Total Ticket Income: 1 239 540 $
Other Income: 607 375 $
Total Income: 1 846 915 $

Jets

5 vs 5 Forward 
   Center                   Left Wing                Right Wing               Time % Phy DF OF 
 1 *Nico Hischier           Gustav Nyquist           Anthony Beauvillier      35     0   2  3  
 2 Tyler Ennis              Marcus Johansson         Jesse Puljujarvi         32     1   2  2  
 3 Mike Fisher              Anthony Beauvillier      Tomas Surovy             23     1   2  2  
 4 Randall Gelech           Raffi Torres             Tim Jackman              10     3   2  0  

5 vs 5 Defense 
   Defense                  Defense                                           Time % Phy DF OF 
 1 Jake Muzzin              Brent Aubin                                       40     1   2  2  
 2 Marc-Edouard Vlasic      Trevor Van Riemsdyk                               30     1   2  2  
 3 John Moore               Mark Fraser                                       25     1   2  2  
 4 Trevor Van Riemsdyk      Jake Muzzin                                       5      1   2  2  

PowerPlay Forward 
   Center                   Left Wing                Right Wing               Time % Phy DF OF 
 1 *Nico Hischier           Gustav Nyquist           Anthony Beauvillier      60     1   2  2  
 2 Tyler Ennis              Anthony Beauvillier      Jesse Puljujarvi         40     1   2  2  

PowerPlay Defense
   Defense                  Defense                                           Time % Phy DF OF 
 1 Brent Aubin              Jake Muzzin                                       60     1   2  2  
 2 John Moore               Trevor Van Riemsdyk                               40     1   2  2  

Penalty Kill 4 Players Forward 
   Center                   Wing                     Time % Phy DF OF 
 1 Mike Fisher              Jesse Puljujarvi         60     1   2  2  
 2 Tomas Surovy             Tyler Ennis              40     1   2  2  

Penalty Kill 4 Players Defense
   Defense                  Defense                  Time % Phy DF OF 
 1 Brent Aubin              Jake Muzzin              60     1   2  2  
 2 John Moore               Marc-Edouard Vlasic      40     1   2  2  

Penalty Kill - 3 Players Forward 
   Forward                                           Time % Phy DF OF 
 1 Mike Fisher                                       60     1   2  2  
 2 Jesse Puljujarvi                                  40     1   2  2  

Penalty Kill - 3 Players Defense
   Defense                  Defense                  Time % Phy DF OF 
 1 Brent Aubin              Jake Muzzin              60     1   2  2  
 2 John Moore               Marc-Edouard Vlasic      40     1   2  2  

4 vs 4 Forward 
   Center                   Wing                     Time % Phy DF OF 
 1 Mike Fisher              Gustav Nyquist           60     1   2  2  
 2 Tomas Surovy             Tyler Ennis              40     1   2  2  

4 vs 4 Defense
   Defense                  Defense                  Time % Phy DF OF 
 1 Brent Aubin              Jake Muzzin              60     1   2  2  
 2 John Moore               Marc-Edouard Vlasic      40     1   2  2  

Last Minutes Offensive
   Center                   Left Wing                Right Wing               Defense                  Defense                  
   *Nico Hischier           Anthony Beauvillier      Tomas Surovy             Brent Aubin              Marcus Johansson         

Last Minutes Defensive
   Center                   Left Wing                Right Wing               Defense                  Defense                  
   Jake Muzzin              Trevor Van Riemsdyk      John Moore               Brent Aubin              Marc-Edouard Vlasic      

Goaltenders
Starting : Marc Denis               
Backup : Sergei Bobrovsky         

Extra Forwards
Normal : Jakub Voracek, *Nico Hischier, Tyler Ennis - PP : Jakub Voracek, *Nico Hischier - PK : Randall Gelech
Extra Defensemen
Normal : Trevor Van Riemsdyk, Jake Muzzin, John Moore - PP : Brent Aubin - PK : Marc-Edouard Vlasic, Mark Fraser
Penalty Shots
*Nico Hischier, Jakub Voracek, Tomas Surovy, Brent Aubin, Tyler Ennis
Custom OT Lines Forwards
*Nico Hischier, Raffi Torres, Tomas Surovy, Brent Aubin, Tyler Ennis, Marcus Johansson, Gustav Nyquist, Jesse Puljujarvi, Randall Gelech, Anthony Beauvillier
Custom OT Lines Defensemen
Brent Aubin, Jake Muzzin, John Moore, Marc-Edouard Vlasic, Mark Fraser

Scratches
None

Oilers

5 vs 5 Forward 
   Center                   Left Wing                Right Wing               Time % Phy DF OF 
 1 Pavel Datsyuk            Tim Connolly             Thomas Vanek             35     0   2  3  
 2 Vincent Lecavalier       Daniel Sedin             Tomas Pospisil           32     0   2  3  
 3 Kyle Brodziak            Robbie Earl              Brian Gionta             25     0   3  2  
 4 Manny Malhotra           Pavel Vorobiev           Joe Motzko               8      0   3  2  

5 vs 5 Defense 
   Defense                  Defense                                           Time % Phy DF OF 
 1 Tom Gilbert              Jared Spurgeon                                    37     0   3  2  
 2 Daniel Tjarnqvist        Ryan Ellis                                        35     0   3  2  
 3 Christian Backman        Jay Harrison                                      28     0   3  2  
 4 Ryan Ellis               Tom Gilbert                                       0      0   3  2  

PowerPlay Forward 
   Center                   Left Wing                Right Wing               Time % Phy DF OF 
 1 Pavel Datsyuk            Tim Connolly             Thomas Vanek             50     0   0  5  
 2 Vincent Lecavalier       Daniel Sedin             Robbie Earl              50     0   0  5  

PowerPlay Defense
   Defense                  Defense                                           Time % Phy DF OF 
 1 Tom Gilbert              Jared Spurgeon                                    50     0   0  5  
 2 Daniel Tjarnqvist        Ryan Ellis                                        50     0   0  5  

Penalty Kill 4 Players Forward 
   Center                   Wing                     Time % Phy DF OF 
 1 Manny Malhotra           Joe Motzko               50     0   5  0  
 2 Kyle Brodziak            Brian Gionta             50     0   5  0  

Penalty Kill 4 Players Defense
   Defense                  Defense                  Time % Phy DF OF 
 1 Tom Gilbert              Jared Spurgeon           50     0   5  0  
 2 Christian Backman        Daniel Tjarnqvist        50     0   5  0  

Penalty Kill - 3 Players Forward 
   Forward                                           Time % Phy DF OF 
 1 Manny Malhotra                                    50     0   5  0  
 2 Brian Gionta                                      50     0   5  0  

Penalty Kill - 3 Players Defense
   Defense                  Defense                  Time % Phy DF OF 
 1 Tom Gilbert              Christian Backman        50     0   5  0  
 2 Jared Spurgeon           Daniel Tjarnqvist        50     0   5  0  

4 vs 4 Forward 
   Center                   Wing                     Time % Phy DF OF 
 1 Tim Connolly             Brian Gionta             50     0   2  3  
 2 Vincent Lecavalier       Thomas Vanek             50     0   2  3  

4 vs 4 Defense
   Defense                  Defense                  Time % Phy DF OF 
 1 Ryan Ellis               Jay Harrison             50     0   3  2  
 2 Christian Backman        Daniel Tjarnqvist        50     0   3  2  

Last Minutes Offensive
   Center                   Left Wing                Right Wing               Defense                  Defense                  
   Pavel Datsyuk            Tim Connolly             Thomas Vanek             Tom Gilbert              Ryan Ellis               

Last Minutes Defensive
   Center                   Left Wing                Right Wing               Defense                  Defense                  
   Pavel Datsyuk            Vincent Lecavalier       Thomas Vanek             Tom Gilbert              Jared Spurgeon           

Goaltenders
Starting : Martin Jones             
Backup : Lars Johansson           

Extra Forwards
Normal : Vincent Lecavalier, Pavel Datsyuk, Thomas Vanek - PP : Brian Gionta, Robbie Earl - PK : Pavel Datsyuk
Extra Defensemen
Normal : Ryan Ellis, Tom Gilbert, Jared Spurgeon - PP : Jay Harrison - PK : Daniel Tjarnqvist, Christian Backman
Penalty Shots
Vincent Lecavalier, Thomas Vanek, Daniel Sedin, Pavel Datsyuk, Tim Connolly
Custom OT Lines Forwards
Pavel Datsyuk, Thomas Vanek, Vincent Lecavalier, Daniel Sedin, Tim Connolly, Brian Gionta, Kyle Brodziak, Tomas Pospisil, Manny Malhotra, Pavel Vorobiev
Custom OT Lines Defensemen
Tom Gilbert, Ryan Ellis, Jared Spurgeon, Daniel Tjarnqvist, Christian Backman

Scratches
None


% Time on Ice - Jets

Lines # - Real PCT - Wanted PCT - Time Play
Normal Forward
1 - 26% - 35% - 13:49
2 - 34% - 32% - 17:52
3 - 16% - 23% - 8:19
4 - 25% - 10% - 13:00
Normal Defense
1 - 38% - 40% - 20:04
2 - 31% - 30% - 16:34
3 - 29% - 25% - 15:09
4 - 2% - 5% - 1:13
PP Forward
1 - 0% - 60%
2 - 0% - 40%
PP Defense
1 - 0% - 60%
2 - 0% - 40%
PK Forward
1 - 78% - 60% - 5:28
2 - 22% - 40% - 1:32
PK Defense
1 - 54% - 60% - 3:46
2 - 46% - 40% - 3:14
PK3 Forward
1 - 0% - 60%
2 - 0% - 40%
PK3 Defense
1 - 0% - 60%
2 - 0% - 40%
44 Forward
1 - 0% - 60%
2 - 0% - 40%
44 Defense
1 - 0% - 60%
2 - 0% - 40%
Last Minute Offensive  - 0:00
Last Minute Defensive  - 0:00
Total
Forward - 60:00
Defense - 60:00

% Time on Ice - Oilers

Lines # - Real PCT - Wanted PCT - Time Play
Normal Forward
1 - 33% - 35% - 17:22
2 - 31% - 32% - 16:22
3 - 25% - 25% - 13:11
4 - 11% - 8% - 6:05
Normal Defense
1 - 35% - 37% - 18:31
2 - 31% - 35% - 16:29
3 - 26% - 28% - 13:40
4 - 8% - 0% - 4:20
PP Forward
1 - 48% - 50% - 3:23
2 - 52% - 50% - 3:37
PP Defense
1 - 67% - 50% - 4:41
2 - 33% - 50% - 2:19
PK Forward
1 - 0% - 50%
2 - 0% - 50%
PK Defense
1 - 0% - 50%
2 - 0% - 50%
PK3 Forward
1 - 0% - 50%
2 - 0% - 50%
PK3 Defense
1 - 0% - 50%
2 - 0% - 50%
44 Forward
1 - 0% - 50%
2 - 0% - 50%
44 Defense
1 - 0% - 50%
2 - 0% - 50%
Last Minute Offensive  - 0:00
Last Minute Defensive  - 0:00
Total
Forward - 60:00
Defense - 60:00

Play by Play

1st period


0:01 of 1st period - *Nico Hischier wins face-off versus Pavel Datsyuk in neutral zone.
0:22 of 1st period - Shot by *Nico Hischier.
0:22 of 1st period - Stopped by Martin Jones without a rebound.
0:23 of 1st period - Daniel Sedin wins face-off versus Jesse Puljujarvi in Oilers zone.
0:23 of 1st period - Daniel Sedin is hit by Tyler Ennis.
0:49 of 1st period - Shot by Marcus Johansson.
0:49 of 1st period - Stopped by Martin Jones without a rebound.
0:50 of 1st period - Mike Fisher wins face-off versus Kyle Brodziak in Oilers zone.
1:43 of 1st period - Jay Harrison is hit by Mark Fraser and loses puck.
2:18 of 1st period - Shot by Tim Connolly.
2:18 of 1st period - Stopped by Marc Denis without a rebound.
2:19 of 1st period - Vincent Lecavalier wins face-off versus Tyler Ennis in Jets zone.
2:34 of 1st period - Shot by Tomas Pospisil.
2:34 of 1st period - Goal by Tomas Pospisil - Jets : 0 - Oilers : 1.
2:35 of 1st period - Manny Malhotra wins face-off versus Tim Jackman in neutral zone.
3:24 of 1st period - Pavel Vorobiev is hit by Trevor Van Riemsdyk and loses puck.
3:35 of 1st period - Shot by Vincent Lecavalier.
3:35 of 1st period - Deflect By Daniel Sedin.
3:35 of 1st period - Shot Misses the Net.
3:37 of 1st period - Shot by Daniel Sedin.
3:37 of 1st period - Shot Misses the Net.
4:07 of 1st period - Shot by Daniel Sedin.
4:07 of 1st period - Stopped by Marc Denis without a rebound.
4:08 of 1st period - Tim Connolly wins face-off versus *Nico Hischier in Jets zone.
4:11 of 1st period - Shot by Tim Connolly.
4:11 of 1st period - Shot Misses the Net.
4:19 of 1st period - Shot by Tim Connolly.
4:19 of 1st period - Stopped by Marc Denis without a rebound.
4:20 of 1st period - Kyle Brodziak wins face-off versus Mike Fisher in Jets zone.
5:17 of 1st period - Shot by Tim Connolly.
5:17 of 1st period - Stopped by Marc Denis with a rebound.
5:19 of 1st period - Shot by Tim Connolly.
5:19 of 1st period - Shot Blocked by Jake Muzzin.
5:21 of 1st period - Shot by Thomas Vanek.
5:21 of 1st period - Shot Blocked by Jake Muzzin.
5:44 of 1st period - Icing by Thomas Vanek.
5:45 of 1st period - Tyler Ennis wins face-off versus Pavel Datsyuk in Oilers zone.
5:48 of 1st period - Shot by Marcus Johansson.
5:48 of 1st period - Shot Misses the Net.
6:26 of 1st period - Shot by Marcus Johansson.
6:26 of 1st period - Goal by Marcus Johansson - Jets : 1 - Oilers : 1.
6:27 of 1st period - Manny Malhotra wins face-off versus Randall Gelech in neutral zone.
7:14 of 1st period - Manny Malhotra is hit by Randall Gelech and loses puck.
8:07 of 1st period - Shot by Tomas Pospisil.
8:07 of 1st period - Shot Blocked by Jake Muzzin.
8:09 of 1st period - Shot by Tomas Pospisil.
8:09 of 1st period - Deflect By Vincent Lecavalier.
8:09 of 1st period - Stopped by Marc Denis without a rebound.
8:10 of 1st period - Tyler Ennis wins face-off versus Pavel Datsyuk in Jets zone.
8:16 of 1st period - Shot by Thomas Vanek.
8:16 of 1st period - Deflect By Pavel Datsyuk.
8:16 of 1st period - Stopped by Marc Denis without a rebound.
8:17 of 1st period - Tyler Ennis wins face-off versus Pavel Datsyuk in Jets zone.
8:23 of 1st period - Brent Aubin is hit by Ryan Ellis and loses puck.
9:34 of 1st period - Shot by Vincent Lecavalier.
9:34 of 1st period - Shot Misses the Net.
10:09 of 1st period - John Moore is hit by Jay Harrison and loses puck.
10:13 of 1st period - Icing by Jay Harrison.
10:14 of 1st period - Brian Gionta wins face-off versus *Nico Hischier in Oilers zone.
10:21 of 1st period - Marc-Edouard Vlasic is hit by Robbie Earl and loses puck.
10:28 of 1st period - Shot by Brian Gionta.
10:28 of 1st period - Stopped by Marc Denis without a rebound.
10:29 of 1st period - Manny Malhotra wins face-off versus Tyler Ennis in Jets zone.
10:41 of 1st period - Brent Aubin is hit by Ryan Ellis and loses puck.
10:49 of 1st period - Off-side.
10:50 of 1st period - *Nico Hischier wins face-off versus Pavel Datsyuk in neutral zone.
10:58 of 1st period - Minor Penalty to Trevor Van Riemsdyk for High sticking.
10:59 of 1st period - Vincent Lecavalier wins face-off versus Mike Fisher in Jets zone.
11:06 of 1st period - Shot by Jared Spurgeon.
11:06 of 1st period - Stopped by Marc Denis without a rebound.
11:07 of 1st period - Pavel Datsyuk wins face-off versus Mike Fisher in Jets zone.
11:10 of 1st period - Shot by Tim Connolly.
11:10 of 1st period - Shot Blocked by Jake Muzzin.
11:12 of 1st period - Shot by Pavel Datsyuk.
11:12 of 1st period - Stopped by Marc Denis without a rebound.
11:13 of 1st period - Mike Fisher wins face-off versus Pavel Datsyuk in Jets zone.
11:32 of 1st period - Shot by Pavel Datsyuk.
11:32 of 1st period - Shot Misses the Net.
11:34 of 1st period - Shot by Thomas Vanek.
11:34 of 1st period - Shot Blocked by Marc-Edouard Vlasic.
11:36 of 1st period - Shot by Thomas Vanek.
11:36 of 1st period - Stopped by Marc Denis without a rebound.
11:37 of 1st period - Mike Fisher wins face-off versus Vincent Lecavalier in Jets zone.
11:58 of 1st period - Shot by Vincent Lecavalier.
11:58 of 1st period - Stopped by Marc Denis without a rebound.
11:59 of 1st period - Pavel Datsyuk wins face-off versus Tomas Surovy in Jets zone.
12:08 of 1st period - Shot by Pavel Datsyuk.
12:08 of 1st period - Shot Misses the Net.
12:10 of 1st period - Shot by Daniel Tjarnqvist.
12:10 of 1st period - Stopped by Marc Denis with a rebound.
12:12 of 1st period - Shot by Thomas Vanek.
12:12 of 1st period - Stopped by Marc Denis without a rebound.
12:13 of 1st period - Mike Fisher wins face-off versus Vincent Lecavalier in Jets zone.
12:38 of 1st period - Shot by Jared Spurgeon.
12:38 of 1st period - Stopped by Marc Denis with a rebound.
12:40 of 1st period - Shot by Daniel Sedin.
12:40 of 1st period - Shot Misses the Net.
12:42 of 1st period - Shot by Jared Spurgeon.
12:42 of 1st period - Shot Misses the Net.
12:44 of 1st period - Shot by Jared Spurgeon.
12:44 of 1st period - Stopped by Marc Denis without a rebound.
12:45 of 1st period - Tomas Surovy wins face-off versus Pavel Datsyuk in Jets zone.
12:58 of 1st period - Shot by Pavel Datsyuk.
12:58 of 1st period - Stopped by Marc Denis without a rebound.
12:59 of 1st period - Manny Malhotra wins face-off versus *Nico Hischier in Jets zone.
13:08 of 1st period - Joe Motzko is hit by *Nico Hischier and loses puck.
13:33 of 1st period - Shot by Pavel Vorobiev.
13:33 of 1st period - Deflect By Joe Motzko.
13:33 of 1st period - Shot Misses the Net.
14:03 of 1st period - Icing by Jared Spurgeon.
14:04 of 1st period - Randall Gelech wins face-off versus Thomas Vanek in Oilers zone.
14:36 of 1st period - Shot by Tim Connolly.
14:36 of 1st period - Stopped by Marc Denis without a rebound.
14:37 of 1st period - Vincent Lecavalier wins face-off versus Tyler Ennis in Jets zone.
14:58 of 1st period - Shot by Tyler Ennis.
14:58 of 1st period - Shot Misses the Net.
15:13 of 1st period - Shot by Daniel Sedin.
15:13 of 1st period - Stopped by Marc Denis without a rebound.
15:14 of 1st period - *Nico Hischier wins face-off versus Brian Gionta in Jets zone.
15:14 of 1st period - Gustav Nyquist is hit by Robbie Earl and loses puck.
16:52 of 1st period - Shot by Thomas Vanek.
16:52 of 1st period - Stopped by Marc Denis without a rebound.
16:53 of 1st period - Daniel Sedin wins face-off versus Tyler Ennis in Jets zone.
16:53 of 1st period - Daniel Sedin is hit by Brent Aubin.
17:13 of 1st period - Shot by Marcus Johansson.
17:13 of 1st period - Stopped by Martin Jones with a rebound.
17:15 of 1st period - Shot by Tyler Ennis.
17:15 of 1st period - Stopped by Martin Jones without a rebound.
17:16 of 1st period - Mike Fisher wins face-off versus Manny Malhotra in Oilers zone.
17:21 of 1st period - Shot by Anthony Beauvillier.
17:21 of 1st period - Stopped by Martin Jones with a rebound.
17:32 of 1st period - Off-side.
17:33 of 1st period - Tyler Ennis wins face-off versus Vincent Lecavalier in neutral zone.
18:28 of 1st period - Marcus Johansson is hit by Pavel Datsyuk and loses puck.
19:50 of 1st period - Shot by Tim Jackman.
19:50 of 1st period - Stopped by Martin Jones without a rebound.
19:51 of 1st period - Vincent Lecavalier wins face-off versus Mike Fisher in Oilers zone.
Goals for this period are 1 for Jets vs 1 for Oilers.
Shots for this period are 7 for Jets vs 20 for Oilers.

2nd period


0:01 of 2nd period - Pavel Datsyuk wins face-off versus *Nico Hischier in neutral zone.
0:06 of 2nd period - Shot by Thomas Vanek.
0:06 of 2nd period - Stopped by Marc Denis without a rebound.
0:07 of 2nd period - *Nico Hischier wins face-off versus Pavel Datsyuk in Jets zone.
0:07 of 2nd period - Gustav Nyquist is hit by Pavel Datsyuk.
0:35 of 2nd period - Shot by Tim Connolly.
0:35 of 2nd period - Shot Misses the Net.
0:44 of 2nd period - Minor Penalty to Brent Aubin for Elbowing.
0:45 of 2nd period - Vincent Lecavalier wins face-off versus Mike Fisher in Jets zone.
1:00 of 2nd period - Shot by Tom Gilbert.
1:00 of 2nd period - Stopped by Marc Denis without a rebound.
1:01 of 2nd period - Mike Fisher wins face-off versus Vincent Lecavalier in Jets zone.
2:02 of 2nd period - Icing by Pavel Datsyuk.
2:03 of 2nd period - Mike Fisher wins face-off versus Pavel Datsyuk in Oilers zone.
2:08 of 2nd period - Shot by Jesse Puljujarvi.
2:08 of 2nd period - Shot Misses the Net.
2:55 of 2nd period - Shot by Pavel Vorobiev.
2:55 of 2nd period - Shot Misses the Net.
3:13 of 2nd period - Shot by *Nico Hischier.
3:13 of 2nd period - Stopped by Martin Jones without a rebound.
3:14 of 2nd period - Vincent Lecavalier wins face-off versus Randall Gelech in Oilers zone.
3:14 of 2nd period - Vincent Lecavalier is hit by Raffi Torres.
3:25 of 2nd period - Tomas Pospisil is hit by Mark Fraser and loses puck.
3:43 of 2nd period - Icing by Jared Spurgeon.
3:44 of 2nd period - Tomas Surovy wins face-off versus Vincent Lecavalier in Oilers zone.
4:07 of 2nd period - Trevor Van Riemsdyk is hit by Vincent Lecavalier.
4:30 of 2nd period - Shot by Tim Connolly.
4:30 of 2nd period - Shot Misses the Net.
4:44 of 2nd period - Shot by Pavel Datsyuk.
4:44 of 2nd period - Shot Misses the Net.
4:46 of 2nd period - Shot by Thomas Vanek.
4:46 of 2nd period - Shot Blocked by Trevor Van Riemsdyk.
5:49 of 2nd period - Shot by Jake Muzzin.
5:49 of 2nd period - Shot Blocked by Christian Backman.
5:51 of 2nd period - Shot by Tyler Ennis.
5:51 of 2nd period - Goal by Tyler Ennis - Jets : 2 - Oilers : 1.
5:52 of 2nd period - Vincent Lecavalier wins face-off versus Randall Gelech in neutral zone.
6:14 of 2nd period - John Moore is hit by Vincent Lecavalier.
6:49 of 2nd period - Shot by Marcus Johansson.
6:49 of 2nd period - Goal by Marcus Johansson - Jets : 3 - Oilers : 1.
6:50 of 2nd period - Pavel Datsyuk wins face-off versus Anthony Beauvillier in neutral zone.
6:55 of 2nd period - Shot by Tim Connolly.
6:55 of 2nd period - Shot Misses the Net.
6:57 of 2nd period - Shot by Pavel Datsyuk.
6:57 of 2nd period - Stopped by Marc Denis without a rebound.
6:58 of 2nd period - Pavel Datsyuk wins face-off versus Tyler Ennis in Jets zone.
7:22 of 2nd period - Tim Connolly is hit by Brent Aubin.
7:34 of 2nd period - Shot by Pavel Datsyuk.
7:34 of 2nd period - Shot Misses the Net.
7:39 of 2nd period - Thomas Vanek is hit by Brent Aubin and loses puck.
7:54 of 2nd period - Shot by Robbie Earl.
7:54 of 2nd period - Shot Misses the Net.
7:58 of 2nd period - Shot by Brian Gionta.
7:58 of 2nd period - Shot Misses the Net.
8:00 of 2nd period - Shot by Kyle Brodziak.
8:00 of 2nd period - Goal by Kyle Brodziak - Jets : 3 - Oilers : 2.
8:01 of 2nd period - Vincent Lecavalier wins face-off versus Anthony Beauvillier in neutral zone.
8:03 of 2nd period - Off-side.
8:04 of 2nd period - *Nico Hischier wins face-off versus Vincent Lecavalier in neutral zone.
8:04 of 2nd period - *Nico Hischier is hit by Vincent Lecavalier.
8:08 of 2nd period - Shot by Gustav Nyquist.
8:08 of 2nd period - Goal by Gustav Nyquist - Jets : 4 - Oilers : 2.
8:09 of 2nd period - *Nico Hischier wins face-off versus Vincent Lecavalier in neutral zone.
8:32 of 2nd period - Shot by Daniel Sedin.
8:32 of 2nd period - Stopped by Marc Denis without a rebound.
8:33 of 2nd period - Thomas Vanek wins face-off versus Randall Gelech in Jets zone.
8:40 of 2nd period - Shot by Thomas Vanek.
8:40 of 2nd period - Shot Misses the Net.
8:44 of 2nd period - Shot by Tim Connolly.
8:44 of 2nd period - Stopped by Marc Denis with a rebound.
8:46 of 2nd period - Shot by Thomas Vanek.
8:46 of 2nd period - Stopped by Marc Denis with a rebound.
8:48 of 2nd period - Shot by Pavel Datsyuk.
8:48 of 2nd period - Shot Misses the Net.
8:50 of 2nd period - Shot by Tim Connolly.
8:50 of 2nd period - Deflect By Thomas Vanek.
8:50 of 2nd period - Stopped by Marc Denis without a rebound.
8:51 of 2nd period - *Nico Hischier wins face-off versus Kyle Brodziak in Jets zone.
9:02 of 2nd period - Shot by *Nico Hischier.
9:02 of 2nd period - Stopped by Martin Jones without a rebound.
9:03 of 2nd period - Pavel Datsyuk wins face-off versus Jesse Puljujarvi in Oilers zone.
9:10 of 2nd period - Tyler Ennis is hit by Pavel Datsyuk and loses puck.
9:31 of 2nd period - Shot by Ryan Ellis.
9:31 of 2nd period - Stopped by Marc Denis without a rebound.
9:32 of 2nd period - *Nico Hischier wins face-off versus Kyle Brodziak in Jets zone.
10:30 of 2nd period - Off-side.
10:31 of 2nd period - Randall Gelech wins face-off versus Vincent Lecavalier in neutral zone.
10:34 of 2nd period - Jay Harrison is hit by Raffi Torres and loses puck.
11:10 of 2nd period - Daniel Sedin is hit by Raffi Torres and loses puck.
11:26 of 2nd period - Icing by Marc-Edouard Vlasic.
11:27 of 2nd period - Randall Gelech wins face-off versus Pavel Datsyuk in Jets zone.
11:44 of 2nd period - Shot by Gustav Nyquist.
11:44 of 2nd period - Shot Blocked by Ryan Ellis.
11:46 of 2nd period - Shot by Gustav Nyquist.
11:46 of 2nd period - Stopped by Martin Jones with a rebound.
12:55 of 2nd period - Shot by Marcus Johansson.
12:55 of 2nd period - Shot Blocked by Tom Gilbert.
13:08 of 2nd period - Icing by John Moore.
13:09 of 2nd period - Tyler Ennis wins face-off versus Vincent Lecavalier in Jets zone.
13:26 of 2nd period - Icing by Mark Fraser.
13:27 of 2nd period - Jesse Puljujarvi wins face-off versus Pavel Datsyuk in Jets zone.
13:44 of 2nd period - Shot by Pavel Datsyuk.
13:44 of 2nd period - Stopped by Marc Denis without a rebound.
13:45 of 2nd period - Mike Fisher wins face-off versus Vincent Lecavalier in Jets zone.
13:53 of 2nd period - Mike Fisher is hit by Jay Harrison and loses puck.
14:23 of 2nd period - Shot by Vincent Lecavalier.
14:23 of 2nd period - Shot Misses the Net.
14:25 of 2nd period - Shot by Christian Backman.
14:25 of 2nd period - Goal by Christian Backman - Jets : 4 - Oilers : 3.
14:26 of 2nd period - Randall Gelech wins face-off versus Pavel Datsyuk in neutral zone.
14:31 of 2nd period - Shot by Randall Gelech.
14:31 of 2nd period - Shot Misses the Net.
14:33 of 2nd period - Shot by Randall Gelech.
14:33 of 2nd period - Shot Blocked by Tom Gilbert.
14:33 of 2nd period - Tom Gilbert from Oilers is injured at 14:33 of 2nd period (Sore Left Knee).
14:34 of 2nd period - Pavel Datsyuk wins face-off versus Tyler Ennis in Oilers zone.
14:43 of 2nd period - Off-side.
14:44 of 2nd period - Kyle Brodziak wins face-off versus Tyler Ennis in neutral zone.
14:57 of 2nd period - Shot by Brian Gionta.
14:57 of 2nd period - Stopped by Marc Denis without a rebound.
14:58 of 2nd period - *Nico Hischier wins face-off versus Thomas Vanek in Jets zone.
15:11 of 2nd period - Shot by *Nico Hischier.
15:11 of 2nd period - Stopped by Martin Jones without a rebound.
15:12 of 2nd period - Daniel Sedin wins face-off versus Tyler Ennis in Oilers zone.
16:07 of 2nd period - Shot by Thomas Vanek.
16:07 of 2nd period - Deflect By Pavel Datsyuk.
16:07 of 2nd period - Stopped by Marc Denis without a rebound.
16:08 of 2nd period - *Nico Hischier wins face-off versus Pavel Datsyuk in Jets zone.
16:31 of 2nd period - Shot by Gustav Nyquist.
16:31 of 2nd period - Shot Misses the Net.
17:55 of 2nd period - Robbie Earl is hit by Mark Fraser and loses puck.
18:35 of 2nd period - Icing by Daniel Tjarnqvist.
18:36 of 2nd period - Vincent Lecavalier wins face-off versus Mike Fisher in Oilers zone.
18:36 of 2nd period - Vincent Lecavalier is hit by Tomas Surovy.
18:44 of 2nd period - Jake Muzzin is hit by Vincent Lecavalier.
19:07 of 2nd period - Tomas Pospisil is hit by Tomas Surovy and loses puck.
19:12 of 2nd period - Shot by Tomas Surovy.
19:12 of 2nd period - Deflect By Mike Fisher.
19:12 of 2nd period - Shot Misses the Net.
19:52 of 2nd period - Shot by Tim Jackman.
19:52 of 2nd period - Stopped by Martin Jones without a rebound.
19:53 of 2nd period - Jesse Puljujarvi wins face-off versus Pavel Datsyuk in Oilers zone.
Goals for this period are 3 for Jets vs 2 for Oilers.
Shots for this period are 8 for Jets vs 13 for Oilers.

3rd period


0:01 of 3rd period - Pavel Datsyuk wins face-off versus *Nico Hischier in neutral zone.
0:08 of 3rd period - Shot by Thomas Vanek.
0:08 of 3rd period - Stopped by Marc Denis with a rebound.
0:27 of 3rd period - Shot by Anthony Beauvillier.
0:27 of 3rd period - Shot Misses the Net.
1:00 of 3rd period - Ryan Ellis is hit by Anthony Beauvillier and loses puck.
1:15 of 3rd period - Jared Spurgeon is hit by Tyler Ennis.
1:26 of 3rd period - Tim Connolly is hit by Mark Fraser and loses puck.
1:54 of 3rd period - Icing by Jared Spurgeon.
1:55 of 3rd period - Pavel Datsyuk wins face-off versus Randall Gelech in Oilers zone.
1:55 of 3rd period - Pavel Datsyuk is hit by Raffi Torres.
3:10 of 3rd period - Mike Fisher is hit by Jay Harrison and loses puck.
3:13 of 3rd period - Shot by Mike Fisher.
3:13 of 3rd period - Stopped by Martin Jones without a rebound.
3:14 of 3rd period - Tyler Ennis wins face-off versus Vincent Lecavalier in Oilers zone.
3:15 of 3rd period - Shot by Jesse Puljujarvi.
3:15 of 3rd period - Stopped by Martin Jones without a rebound.
3:16 of 3rd period - Tyler Ennis wins face-off versus Vincent Lecavalier in Oilers zone.
3:27 of 3rd period - Shot by Daniel Sedin.
3:27 of 3rd period - Shot Blocked by Mark Fraser.
3:31 of 3rd period - Shot by Tomas Pospisil.
3:31 of 3rd period - Stopped by Marc Denis without a rebound.
3:32 of 3rd period - *Nico Hischier wins face-off versus Manny Malhotra in Jets zone.
4:57 of 3rd period - Kyle Brodziak is hit by Tyler Ennis and loses puck.
5:12 of 3rd period - Shot by Randall Gelech.
5:12 of 3rd period - Shot Misses the Net.
5:17 of 3rd period - Minor Penalty to Randall Gelech for Hooking.
5:18 of 3rd period - Pavel Datsyuk wins face-off versus Mike Fisher in Jets zone.
5:39 of 3rd period - Shot by Jared Spurgeon.
5:39 of 3rd period - Shot Blocked by Jesse Puljujarvi.
6:33 of 3rd period - Shot by Pavel Datsyuk.
6:33 of 3rd period - Shot Blocked by Mike Fisher.
6:35 of 3rd period - Shot by Pavel Datsyuk.
6:35 of 3rd period - Shot Blocked by John Moore.
6:39 of 3rd period - Shot by Vincent Lecavalier.
6:39 of 3rd period - Shot Misses the Net.
6:41 of 3rd period - Shot by Daniel Sedin.
6:41 of 3rd period - Deflect By Vincent Lecavalier.
6:41 of 3rd period - Stopped by Marc Denis with a rebound.
7:23 of 3rd period - Shot by Manny Malhotra.
7:23 of 3rd period - Stopped by Marc Denis without a rebound.
7:24 of 3rd period - Manny Malhotra wins face-off versus *Nico Hischier in Jets zone.
7:27 of 3rd period - Shot by Pavel Vorobiev.
7:27 of 3rd period - Stopped by Marc Denis with a rebound.
7:34 of 3rd period - Off-side.
7:35 of 3rd period - Randall Gelech wins face-off versus Manny Malhotra in neutral zone.
8:29 of 3rd period - Icing by Marc-Edouard Vlasic.
8:30 of 3rd period - Vincent Lecavalier wins face-off versus *Nico Hischier in Jets zone.
8:54 of 3rd period - Shot by Gustav Nyquist.
8:54 of 3rd period - Deflect By *Nico Hischier.
8:54 of 3rd period - Goal by *Nico Hischier - Jets : 5 - Oilers : 3.
8:55 of 3rd period - Pavel Datsyuk wins face-off versus Tyler Ennis in neutral zone.
8:58 of 3rd period - Marcus Johansson is hit by Pavel Datsyuk and loses puck.
9:21 of 3rd period - Shot by Pavel Datsyuk.
9:21 of 3rd period - Shot Blocked by John Moore.
9:49 of 3rd period - Shot by Daniel Sedin.
9:49 of 3rd period - Stopped by Marc Denis without a rebound.
9:50 of 3rd period - *Nico Hischier wins face-off versus Kyle Brodziak in Jets zone.
10:01 of 3rd period - Shot by *Nico Hischier.
10:01 of 3rd period - Stopped by Martin Jones without a rebound.
10:02 of 3rd period - Tomas Surovy wins face-off versus Vincent Lecavalier in Oilers zone.
10:11 of 3rd period - Jared Spurgeon is hit by Tomas Surovy and loses puck.
10:31 of 3rd period - Shot by Mike Fisher.
10:31 of 3rd period - Stopped by Martin Jones with a rebound.
10:58 of 3rd period - Pavel Datsyuk is hit by Randall Gelech and loses puck.
11:05 of 3rd period - Shot by Thomas Vanek.
11:05 of 3rd period - Shot Misses the Net.
11:07 of 3rd period - Shot by Thomas Vanek.
11:07 of 3rd period - Shot Misses the Net.
11:13 of 3rd period - Shot by Tim Connolly.
11:13 of 3rd period - Stopped by Marc Denis without a rebound.
11:14 of 3rd period - Kyle Brodziak wins face-off versus Tyler Ennis in Jets zone.
11:25 of 3rd period - John Moore is hit by Robbie Earl and loses puck.
11:41 of 3rd period - Shot by Brian Gionta.
11:41 of 3rd period - Deflect By Robbie Earl.
11:41 of 3rd period - Shot Misses the Net.
12:33 of 3rd period - Shot by *Nico Hischier.
12:33 of 3rd period - Stopped by Martin Jones without a rebound.
12:34 of 3rd period - Tim Connolly wins face-off versus Tim Jackman in Oilers zone.
12:34 of 3rd period - Tim Connolly is hit by Randall Gelech.
12:37 of 3rd period - Icing by Thomas Vanek.
12:38 of 3rd period - Mike Fisher wins face-off versus Pavel Datsyuk in Oilers zone.
14:24 of 3rd period - Shot by Jesse Puljujarvi.
14:24 of 3rd period - Deflect By Tyler Ennis.
14:24 of 3rd period - Shot Misses the Net.
14:40 of 3rd period - Marc-Edouard Vlasic is hit by Robbie Earl and loses puck.
14:59 of 3rd period - Shot by Pavel Vorobiev.
14:59 of 3rd period - Shot Blocked by Marc-Edouard Vlasic.
15:01 of 3rd period - Shot by Joe Motzko.
15:01 of 3rd period - Stopped by Marc Denis without a rebound.
15:02 of 3rd period - Pavel Datsyuk wins face-off versus Randall Gelech in Jets zone.
15:02 of 3rd period - Pavel Datsyuk is hit by Mark Fraser.
15:10 of 3rd period - Shot by Thomas Vanek.
15:10 of 3rd period - Stopped by Marc Denis with a rebound.
15:12 of 3rd period - Shot by Pavel Datsyuk.
15:12 of 3rd period - Stopped by Marc Denis with a rebound.
15:14 of 3rd period - Shot by Pavel Datsyuk.
15:14 of 3rd period - Shot Misses the Net.
15:16 of 3rd period - Shot by Thomas Vanek.
15:16 of 3rd period - Deflect By Tim Connolly.
15:16 of 3rd period - Shot Blocked by Mark Fraser.
15:18 of 3rd period - Shot by Thomas Vanek.
15:18 of 3rd period - Goal by Thomas Vanek - Jets : 5 - Oilers : 4.
15:19 of 3rd period - *Nico Hischier wins face-off versus Vincent Lecavalier in neutral zone.
15:31 of 3rd period - Off-side.
15:32 of 3rd period - Randall Gelech wins face-off versus Pavel Datsyuk in neutral zone.
15:53 of 3rd period - Shot by Tim Connolly.
15:53 of 3rd period - Stopped by Marc Denis with a rebound.
15:55 of 3rd period - Shot by Jay Harrison.
15:55 of 3rd period - Shot Misses the Net.
15:57 of 3rd period - Shot by Jared Spurgeon.
15:57 of 3rd period - Stopped by Marc Denis with a rebound.
15:59 of 3rd period - Shot by Pavel Datsyuk.
15:59 of 3rd period - Stopped by Marc Denis with a rebound.
16:01 of 3rd period - Shot by Thomas Vanek.
16:01 of 3rd period - Shot Blocked by Randall Gelech.
16:03 of 3rd period - Shot by Pavel Datsyuk.
16:03 of 3rd period - Stopped by Marc Denis without a rebound.
16:04 of 3rd period - Vincent Lecavalier wins face-off versus *Nico Hischier in Jets zone.
16:05 of 3rd period - Shot by Daniel Sedin.
16:05 of 3rd period - Shot Misses the Net.
16:17 of 3rd period - Shot by Vincent Lecavalier.
16:17 of 3rd period - Stopped by Marc Denis without a rebound.
16:18 of 3rd period - Tyler Ennis wins face-off versus Kyle Brodziak in Jets zone.
16:18 of 3rd period - Tyler Ennis is hit by Robbie Earl.
17:31 of 3rd period - *Nico Hischier is hit by Vincent Lecavalier and loses puck.
17:50 of 3rd period - Minor Penalty to Brent Aubin for Hooking.
17:51 of 3rd period - Pavel Datsyuk wins face-off versus Mike Fisher in Jets zone.
17:51 of 3rd period - Pavel Datsyuk is hit by Mark Fraser.
17:57 of 3rd period - Shot by Tim Connolly.
17:57 of 3rd period - Stopped by Marc Denis with a rebound.
17:59 of 3rd period - Shot by Thomas Vanek.
17:59 of 3rd period - Shot Misses the Net.
18:01 of 3rd period - Shot by Jared Spurgeon.
18:01 of 3rd period - Shot Blocked by Jake Muzzin.
18:03 of 3rd period - Shot by Jared Spurgeon.
18:03 of 3rd period - Stopped by Marc Denis without a rebound.
18:04 of 3rd period - Pavel Datsyuk wins face-off versus Mike Fisher in Jets zone.
18:04 of 3rd period - Pavel Datsyuk is hit by Mark Fraser.
18:28 of 3rd period - Shot by Thomas Vanek.
18:28 of 3rd period - Stopped by Marc Denis without a rebound.
18:29 of 3rd period - Mike Fisher wins face-off versus Vincent Lecavalier in Jets zone.
18:29 of 3rd period - Mike Fisher is hit by Vincent Lecavalier.
18:53 of 3rd period - Shot by Daniel Sedin.
18:53 of 3rd period - Goal by Daniel Sedin - Jets : 5 - Oilers : 5.
18:54 of 3rd period - Pavel Datsyuk wins face-off versus *Nico Hischier in neutral zone.
18:57 of 3rd period - Shot by Pavel Datsyuk.
18:57 of 3rd period - Deflect By Tim Connolly.
18:57 of 3rd period - Shot Blocked by Mark Fraser.
18:59 of 3rd period - Shot by Christian Backman.
18:59 of 3rd period - Stopped by Marc Denis without a rebound.
19:00 of 3rd period - *Nico Hischier wins face-off versus Pavel Datsyuk in Jets zone.
19:29 of 3rd period - Shot by *Nico Hischier.
19:29 of 3rd period - Stopped by Martin Jones without a rebound.
19:30 of 3rd period - Randall Gelech wins face-off versus Tomas Pospisil in Oilers zone.
19:30 of 3rd period - Brent Aubin is hit by Ryan Ellis and loses puck.
19:54 of 3rd period - Icing by Brent Aubin.
19:55 of 3rd period - Randall Gelech wins face-off versus Kyle Brodziak in Jets zone.
Goals for this period are 1 for Jets vs 2 for Oilers.
Shots for this period are 7 for Jets vs 21 for Oilers.

Overtime #1


0:01 of 1st overtime period - Pavel Datsyuk wins face-off versus *Nico Hischier in neutral zone.
0:40 of 1st overtime period - Shot by Tomas Surovy.
0:40 of 1st overtime period - Shot Blocked by Pavel Datsyuk.
0:40 of 1st overtime period - Pavel Datsyuk from Oilers is injured at 0:40 of 1st overtime period (Fractured Metatarsal (Right Foot)).
0:41 of 1st overtime period - Daniel Sedin wins face-off versus Brent Aubin in Oilers zone.
1:00 of 1st overtime period - Shot by Daniel Sedin.
1:00 of 1st overtime period - Stopped by Marc Denis without a rebound.
1:01 of 1st overtime period - Vincent Lecavalier wins face-off versus *Nico Hischier in Jets zone.
1:10 of 1st overtime period - Shot by Vincent Lecavalier.
1:10 of 1st overtime period - Shot Blocked by Brent Aubin.
1:12 of 1st overtime period - Shot by Vincent Lecavalier.
1:12 of 1st overtime period - Stopped by Marc Denis without a rebound.
1:13 of 1st overtime period - Tomas Surovy wins face-off versus Daniel Sedin in Jets zone.
1:38 of 1st overtime period - Shot by Tomas Surovy.
1:38 of 1st overtime period - Shot Misses the Net.
1:40 of 1st overtime period - Shot by Tyler Ennis.
1:40 of 1st overtime period - Shot Misses the Net.
1:42 of 1st overtime period - Shot by Jake Muzzin.
1:42 of 1st overtime period - Stopped by Martin Jones with a rebound.
1:47 of 1st overtime period - Icing by Thomas Vanek.
1:48 of 1st overtime period - *Nico Hischier wins face-off versus Daniel Sedin in Oilers zone.
1:51 of 1st overtime period - Shot by *Nico Hischier.
1:51 of 1st overtime period - Shot Misses the Net.
1:54 of 1st overtime period - Icing by Ryan Ellis.
1:55 of 1st overtime period - *Nico Hischier wins face-off versus Daniel Sedin in Oilers zone.
2:02 of 1st overtime period - Shot by *Nico Hischier.
2:02 of 1st overtime period - Stopped by Martin Jones without a rebound.
2:03 of 1st overtime period - Vincent Lecavalier wins face-off versus Tomas Surovy in Oilers zone.
2:16 of 1st overtime period - Shot by Brent Aubin.
2:16 of 1st overtime period - Stopped by Martin Jones with a rebound.
2:18 of 1st overtime period - Shot by Tomas Surovy.
2:18 of 1st overtime period - Shot Misses the Net.
2:20 of 1st overtime period - Shot by Raffi Torres.
2:20 of 1st overtime period - Shot Misses the Net.
2:22 of 1st overtime period - Shot by Raffi Torres.
2:22 of 1st overtime period - Shot Misses the Net.
2:24 of 1st overtime period - Shot by Raffi Torres.
2:24 of 1st overtime period - Shot Blocked by Vincent Lecavalier.
2:26 of 1st overtime period - Shot by Raffi Torres.
2:26 of 1st overtime period - Shot Misses the Net.
2:34 of 1st overtime period - Shot by Tomas Surovy.
2:34 of 1st overtime period - Stopped by Martin Jones without a rebound.
2:35 of 1st overtime period - Vincent Lecavalier wins face-off versus *Nico Hischier in Oilers zone.
2:44 of 1st overtime period - Shot by Ryan Ellis.
2:44 of 1st overtime period - Shot Blocked by Jake Muzzin.
3:04 of 1st overtime period - Shot by Tyler Ennis.
3:04 of 1st overtime period - Stopped by Martin Jones without a rebound.
3:05 of 1st overtime period - Daniel Sedin wins face-off versus Tomas Surovy in Oilers zone.
3:25 of 1st overtime period - Shot by Tim Connolly.
3:25 of 1st overtime period - Stopped by Marc Denis without a rebound.
3:26 of 1st overtime period - *Nico Hischier wins face-off versus Vincent Lecavalier in Jets zone.
3:26 of 1st overtime period - *Nico Hischier is hit by Vincent Lecavalier.
3:42 of 1st overtime period - Shot by Vincent Lecavalier.
3:42 of 1st overtime period - Shot Misses the Net.
Goals for this period are 0 for Jets vs 0 for Oilers.
Shots for this period are 5 for Jets vs 3 for Oilers.

ShootOut


5:00 of 1st overtime period - Penalty Shot by *Nico Hischier for Jets.
5:00 of 1st overtime period - Shot Misses the Net.
5:00 of 1st overtime period - Penalty Shot by Vincent Lecavalier for Oilers.
5:00 of 1st overtime period - Shot Misses the Net.
5:00 of 1st overtime period - Penalty Shot by Jakub Voracek for Jets.
5:00 of 1st overtime period - Shot Misses the Net.
5:00 of 1st overtime period - Penalty Shot by Thomas Vanek for Oilers.
5:00 of 1st overtime period - Goal by Thomas Vanek.
5:00 of 1st overtime period - Penalty Shot by Tomas Surovy for Jets.
5:00 of 1st overtime period - Goal by Tomas Surovy.
5:00 of 1st overtime period - Penalty Shot by Daniel Sedin for Oilers.
5:00 of 1st overtime period - Goal by Daniel Sedin.